 Dungeon Crawl Stone Soup version 0.28.0-45-g0d030f2227 (webtiles) character file.

Game seed: 6066212586425782533

1 Descartes the Grasshopper (level 1, -1/16 HPs)
             Began as a Formicid Warper on Apr 9, 2022.
             Slain by a goblin
             ... wielding a +0 club
              (3 damage)
             ... on level 1 of the Dungeon.
             The game lasted 00:00:26 (54 turns).

Descartes the Grasshopper (Formicid Warper)           Turns: 54, Time: 00:00:26

Health: -1/16      AC:  3    Str: 15    XL:     1   Next: 22%
Magic:  3/3        EV: 11    Int: 12    God:
Gold:   0          SH:  0    Dex: 10    Spells: 4/4 levels left

rFire   . . .      SeeInvis +   a - +0 hand axe
rCold   . . .      Faith    .   (no shield)
rNeg    . . .      Spirit   .   b - +0 leather armour
rPois   .          Reflect  .   (helmet unavailable)
rElec   .          Harm     .   (no cloak)
rCorr   .          Rampage  .   (no gloves)
Will    .....                   (no boots)
Stlth   +.........              (no amulet)
HPRegen 0.05/turn               (no ring)
MPRegen 0.08/turn               (no ring)

@: no status effects
A: permanent stasis, dig shafts and tunnels, antennae 3, four strong arms
a: Dig, Shaft Self


You were on level 1 of the Dungeon.
You visited 1 branch of the dungeon, and saw 1 of its levels.

Inventory:

Hand Weapons
 a - a +0 hand axe (weapon)
Missiles
 c - 5 boomerangs of dispersal (quivered)
Armour
 b - a +0 leather armour (worn)


   Skills:
 - Level 2.1 Fighting
 + Level 2.0 Axes
 - Level 1.0 Throwing
 + Level 1.1 Armour
 - Level 1.7 Dodging
 - Level 2.1 Spellcasting
 + Level 2.7 Translocations


You had 4 spell levels left.
You didn't know any spells.
Your spell library contained the following spells:

 Spells                   Type           Power      Damage    Failure   Level
 Gell's Gravitas          Tloc           7%         N/A       32%         3
 Lesser Beckoning         Tloc           7%         N/A       32%         3
 Teleport Other           Tloc           7%         N/A       32%         3
 Manifold Assault         Tloc           7%         N/A       96%         5
 Blink                    Tloc           Unusable   N/A       N/A         2

Dungeon Overview and Level Annotations

Branches:
Dungeon (1/15)

Altars:


Innate Abilities, Weirdness & Mutations

You cannot be hasted, slowed, berserked, paralysed or teleported.
You can dig through walls and to a lower floor.
You have a pair of large antennae on your head. (SInv)
Your four strong arms can wield two-handed weapons with a shield.


Message History

The endoplasm is almost dead.
The endoplasm barely misses you. The dart slug launches a dart at you.
The slug dart hits you.
* * * LOW HITPOINT WARNING * * *
Unknown command.
You hit the endoplasm.
You kill the endoplasm!
A gnoll comes into view. It is wielding a +0 club.
A bat comes into view.
The gnoll shouts!
The bat completely misses you. The bat hits you but does no damage.
The bat hits you but does no damage. The bat completely misses you.
The bat closely misses you. The bat hits you but does no damage.
The bat closely misses you. The bat barely misses you.
The dart slug launches a dart at you. The slug dart misses you.
The bat barely misses you.
There is a large open door here.
The bat closely misses you. The bat closely misses you.
The bat barely misses you. The bat hits you but does no damage.
The bat hits you but does no damage. The bat hits you but does no damage.
The bat hits you but does no damage. The bat hits you.
* * * LOW HITPOINT WARNING * * *
The bat closely misses you. The bat barely misses you.
You closely miss the bat. The bat hits you.
* * * LOW HITPOINT WARNING * * *
Unknown command.
You hit the bat.
You kill the bat!
You closely miss the goblin. The goblin hits you with a +0 club.
You die...

.........≈..8....b
....#.$..≈.##############
.........≈8#≈≈≈≈≈#.≈≈.#.#
....###..≈.#≈...≈#.≈≈.#.#
... #....≈.#≈.#.≈#.≈≈.#.#
.. #....w8#≈.#.≈#.≈≈.#.#
# #....≈.#≈.#.≈#.≈§.#.#
#..)...g..#..'....'.#
#.....{'..#.@'....'<#
###.#≈.#≈.#g≈#.≈≈.#.#
#.#≈8#≈.#.≈#.≈≈.#.#
...≈.#≈.#.≈#.§≈.#.#
....≈.#≈.g.≈#.≈≈.#.#
.....≈8#≈≈≈≈≈#.≈≈.#.#
......≈.##############
.....≈..


You could see a gnoll and a goblin.

Vanquished Creatures
  An endoplasm (D:1)
  A bat (D:1)
2 creatures vanquished.

Notes
Turn   | Place    | Note
-------+----------+-------------------------------------------
     0 | D:1      | Descartes the Formicid Warper began the quest for the Orb.
     0 | D:1      | Reached XP level 1. HP: 16/16 MP: 3/3
    54 | D:1      | Slain by a goblin

Illustrated notes

Levels and vault maps discovered:
D:1:      lightli_arrival_isolated_outpost, layout_rooms, columned_hall_lemuel

Action                   || total
-------------------------++-------
Melee: Hand axe          ||     4
Armor: Leather armour    ||     7
Dodge: Dodged            ||    13
